 Dungeon Crawl Stone Soup version 0.29-a0-283-ga02f740833 (webtiles) character file.

Game seed: 283512761621609859

1271 spaghetti the Protected (level 8, -16/69 HPs)
             Began as a Barachi Brigand on Mar 14, 2022.
             Demolished by Duvessa
             ... wielding a +2 short sword of electrocution
              (19 damage)
             ... on level 6 of the Dungeon.
             The game lasted 00:07:49 (5062 turns).

spaghetti the Protected (Barachi Brigand)           Turns: 5062, Time: 00:07:50

Health: -16/69     AC: 20    Str: 19    XL:     8   Next: 53%
Magic:  17/17      EV:  9    Int: 12    God:
Gold:   344        SH:  0    Dex: 17    Spells: 7/7 levels left

rFire   . . .      SeeInvis .   y - +1 short sword (vamp) {short}
rCold   . . .      Faith    .   (no shield)
rNeg    . . .      Spirit   .   A - +0 plate armour
rPois   .          Reflect  .   r - +2 helmet
rElec   .          Harm     .   c - +1 cloak
rCorr   .          Rampage  .   n - +0 pair of gloves
Will    .....                   (no boots)
Stlth   ..........              (no amulet)
HPRegen 0.21/turn               k - ring of magical power
MPRegen 0.15/turn               i - +6 ring of strength

@: about to teleport, slow
A: amphibious, slowness 1, strong legs 1, +LOS, agile 1, robust 1
a: Hop


You were on level 6 of the Dungeon.
You visited 1 branch of the dungeon, and saw 6 of its levels.

You collected 344 gold pieces.


Innate Abilities, Weirdness & Mutations

You are amphibious.
You cover ground slowly.
You can hop short distances.
You have an extended range of vision and can be seen from far away.
You are agile. (Dex +2)
You are robust. (+10% HP)


   Skills:
 + Level 5.6 Fighting
 - Level 2.1 Short Blades
 - Level 2.0 Throwing
 - Level 8.0 Armour
 * Level 6.6 Dodging
 - Level 3.6 Stealth


You had 7 spell levels left.
You didn't know any spells.
Your spell library was empty.

Inventory:

Hand Weapons
 a - a +2 dagger {short}
 j - a +3 short sword of venom {short}
   (You took it off a kobold on level 1 of the Dungeon)
 p - a +0 rapier {short}
   (You found it on level 2 of the Dungeon)
 x - a +2 short sword of electrocution {short}
   (You took it off an orc on level 3 of the Dungeon)
 y - a +1 vampiric short sword (weapon) {short}
   (You took it off an orc on level 3 of the Dungeon)
Missiles
 d - 13 poisoned darts {throwing}
 e - 2 curare-tipped darts {=fthrowing}
 f - 27 stones (quivered) {throwing}
 w - 2 boomerangs {throwing}
 D - a boomerang of dispersal {=f!fthrowing}
 E - 3 javelins {throwing}
Armour
 c - a +1 cloak (worn)
 n - a +0 pair of gloves (worn)
   (You found it on level 4 of the Dungeon)
 r - a +2 helmet (worn)
   (You found it on level 3 of the Dungeon)
 A - a +0 plate armour (worn)
   (You found it on level 4 of the Dungeon)
Magical Staves
 h - a staff of cold {!astaff}
   (You found it on level 1 of the Dungeon)
 t - a staff of conjuration {!a@e2staff}
   (You found it on level 3 of the Dungeon)
Jewellery
 g - a ring of willpower
   (You found it on level 1 of the Dungeon)
 i - a +6 ring of strength (right hand)
   (You found it on level 1 of the Dungeon)
 k - a ring of magical power (left hand)
   (You found it on level 1 of the Dungeon)
 z - a ring of flight
   (You found it on level 3 of the Dungeon)
Wands
 l - a wand of digging (2)
   (You found it on level 2 of the Dungeon)
 o - a wand of polymorph (3)
   (You found it on level 2 of the Dungeon)
 C - a wand of charming (5)
   (You found it on level 4 of the Dungeon)
Scrolls
 m - a scroll of enchant armour
 s - a scroll of amnesia
 B - a scroll of fear
Potions
 v - a potion of attraction {!q}

Dungeon Overview and Level Annotations

Branches:
Dungeon (6/15)
 Temple: D:4-7

Altars:
Makhleb
Wu Jian

Annotations:
D:6 Duvessa

#.##.. .###.
.####....###....
..........#..#
...$.###....####
#.....).....#
.###.###.#.###.#
....)...<..#
.###.###e### #@#
.##..###.#####
.............#
###..#######># #
#


You could see Duvessa (berserk).


Message History

g - Guard the area. f - Follow me.
Anything else - Cancel.
Guard this area!
Duvessa rages. 😮 HP[+1]
What are your orders? t - Croak!
Orders for allies: a - Attack new target. r - Retreat! s - Stop attacking. g - Guard the area. f - Follow me.
Anything else - Cancel.
Guard this area!
You swap places.
An adder comes into view.
The adder bites Duvessa but does no damage.
Duvessa hits the adder with a +2 short sword of electrocution!!
The adder dies!
You see here a yak corpse. 😮 HP[+1] Duvessa rages.
You see here a yak corpse.
What are your orders? t - Croak!
Orders for allies: a - Attack new target. r - Retreat! s - Stop attacking. g - Guard the area. f - Follow me.
Anything else - Cancel.
Guard this area!
Duvessa rages.
There is a stone staircase leading up, spattered with blood here.
What are your orders? t - Croak!
Orders for allies: a - Attack new target. r - Retreat! s - Stop attacking. g - Guard the area. f - Follow me.
Anything else - Cancel.
Retreat in which direction?
Press: ? - help, Dir - move target Fall back!
Duvessa rages. 😮 HP[+1]
What are your orders? t - Croak!
Orders for allies: a - Attack new target. r - Retreat! s - Stop attacking. g - Guard the area. f - Follow me.
Anything else - Cancel.
Guard this area!
Duvessa is no longer charmed.
Duvessa hits you but does no damage. x2
Okay, then.
You can't see any enemies this would affect, really read the scroll of fear?
Okay, then.
Okay, then.
Okay, then.
As you read the scroll of teleportation {@r4}, it crumbles to dust.
You feel strangely unstable. Duvessa hits you but does no damage.
Duvessa attacks as you move away! Duvessa completely misses you.
Duvessa hits you with a +2 short sword of electrocution! 😮 HP[-7]
You take 7 damage, and now have 36/69 hp.
Duvessa hits you but does no damage.
You are electrocuted!
* * * LOW HITPOINT WARNING * * *
😨 HP[-11]
You take 11 damage, and now have 25/69 hp.
Your surroundings seem slightly different.
You see here a yak corpse.
Okay, then.
You feel better.
Duvessa hits you but does no damage. 😨 HP[+8]
You regained 8 hp, and now have 33/69 hp.
You feel better.
Duvessa hits you with a +2 short sword of electrocution.
Duvessa hits you but does no damage. 😮 HP[+2]
You regained 2 hp, and now have 35/69 hp.
You hit Duvessa but do no damage.
Duvessa hits you with a +2 short sword of electrocution!
* * * LOW HITPOINT WARNING * * *
😨 HP[-8]
You take 8 damage, and now have 27/69 hp.
You hit Duvessa but do no damage. Duvessa hits you but does no damage.
Duvessa hits you with a +2 short sword of electrocution.
* * * LOW HITPOINT WARNING * * *
😨 HP[-4]
You take 4 damage, and now have 23/69 hp.
You hit Duvessa.
Duvessa hits you with a +2 short sword of electrocution!
* * * LOW HITPOINT WARNING * * *
😱 HP[-8]
You take 8 damage, and now have 15/69 hp.
As you read the scroll of teleportation {@r4}, it crumbles to dust.
You feel strangely unstable.
Duvessa hits you with a +2 short sword of electrocution!
* * * LOW HITPOINT WARNING * * *
Duvessa hits you but does no damage.
You are electrocuted!!
You die...

Skill      XL: |  1  2  3  4  5  6  7  8 |
---------------+-------------------------+-----
Armour         | 1 3 4 5 6 7 8 |  8.0
Dodging        | 2 5 6 |  6.6
Fighting       | 4 5 |  5.6
Short Blades   | |  2.1
Throwing       | |  2.0
Stealth        | |  3.6

Action                   |  1- 3 |  4- 6 |  7- 9 || total
-------------------------+-------+-------+-------++-------
Melee: Dagger            |    14 |       |       ||    14
       Short sword       |    21 |   140 |    66 ||   227
       Punch             |       |       |     2 ||     2
Throw: Dart              |    26 |     8 |       ||    34
       Stone             |       |   104 |    18 ||   122
 Abil: Hop               |       |     2 |       ||     2
Evoke: Wand              |       |       |     5 ||     5
  Use: Scroll            |     5 |     6 |     5 ||    16
       Potion            |       |     3 |     6 ||     9
 Stab: Sleeping          |     3 |     4 |       ||     7
       Distracted        |       |     1 |       ||     1
Armor: Robe              |     9 |    60 |       ||    69
       Plate armour      |       |    15 |    55 ||    70
       Skin              |       |       |     4 ||     4
Dodge: Dodged            |    17 |    88 |    27 ||   132

Levels and vault maps discovered:
D:1:      enne_arrival_octagon_isle, layout_basic,
          dreamdust_ecumenical_altar_hidden_monk_grotto, minmay_fountain_box,
          nicolae_figureground_pulse
D:2:      minmay_diamond_boxcup, layout_loops_ring, serial_aquarium,
          aquarium_bridge_square [aquarium_subvault_bridge,
          aquarium_subvault_bridge, aquarium_subvault_bridge,
          aquarium_subvault_wall], aquarium_bridge_square
          [aquarium_subvault_wall, aquarium_subvault_wall,
          aquarium_subvault_bridge, aquarium_subvault_window],
          aquarium_window_fake, aquarium_window_1, aquarium_window_corridor_1,
          aquarium_window_1, aquarium_view_2a, aquarium_view_2d,
          aquarium_balcony_double_1, uniq_terence
D:3:      layout_basic, mainiacjoe_overflow_alcove_4,
          mainiacjoe_overflow_chevrons, kennysheep_decorative_pillar,
          minmay_misc_feat_tower, kennysheep_cross_room
D:4:      layout_loops_ring, kennysheep_small_square
D:5:      layout_basic, uniq_duvessa, uniq_menkaure
D:6:      layout_loops_ring, minmay_temple_entry_proselytizer, uniq_maggie,
          uniq_eustachio

Notes
Turn   | Place    | Note
-------+----------+-------------------------------------------
     0 | D:1      | spaghetti the Barachi Brigand began the quest for the Orb.
     0 | D:1      | Reached XP level 1. HP: 17/17 MP: 1/1
     0 | D:1      | magus.rc [v1.9.6]
    74 | D:1      | Reached skill level 1 in Armour
   190 | D:1      | Reached XP level 2. HP: 23/23 MP: 2/2
   339 | D:1      | Reached skill level 2 in Armour
   674 | D:1      | Found a faded altar of an unknown god.
  1079 | D:2      | Reached skill level 3 in Armour
  1117 | D:2      | Reached XP level 3. HP: 15/28 MP: 3/3
  1354 | D:2      | Noticed Terence
  1361 | D:2      | Killed Terence
  1362 | D:2      | Reached skill level 4 in Armour
  1362 | D:2      | Reached XP level 4. HP: 27/34 MP: 4/4
  1494 | D:2      | Reached skill level 5 in Armour
  1758 | D:2      | Reached XP level 5. HP: 28/39 MP: 5/5
  2467 | D:3      | Reached skill level 6 in Armour
  2891 | D:3      | Reached XP level 6. HP: 41/46 MP: 6/6
  3124 | D:3      | Found an ornate altar of the Wu Jian Council.
  3155 | D:3      | Reached skill level 7 in Armour
  3290 | D:3      | Found a burning altar of Makhleb.
  3580 | D:4      | Gained mutation: You are agile. (Dex +2) [potion of
                  | mutation]
  3580 | D:4      | Gained mutation: You are robust. (+10% HP) [potion of
                  | mutation]
  3717 | D:4      | Reached skill level 2 in Dodging
  3717 | D:4      | Reached XP level 7. HP: 47/56 MP: 7/7
  3823 | D:4      | Reached skill level 3 in Fighting
  3834 | D:4      | Reached skill level 8 in Armour
  3834 | D:4      | Reached skill level 3 in Dodging
  4339 | D:4      | HP: 14/57 [acid (5)]
  4822 | D:5      | Entered Level 5 of the Dungeon
  4923 | D:5      | Noticed Duvessa
  4940 | D:5      | HP: 10/87 [Duvessa/+2 short sword of electrocution (20)]
  4955 | D:5      | Noticed Dowan
  4957 | D:5      | Killed Dowan
  5020 | D:6      | Noticed a yak
  5020 | D:6      | Noticed a yak
  5022 | D:6      | Noticed a yak
  5024 | D:6      | Noticed a yak
  5029 | D:5      | Killed a yak
  5030 | D:5      | Reached skill level 4 in Fighting
  5030 | D:5      | Reached skill level 4 in Dodging
  5035 | D:6      | Killed a yak
  5036 | D:6      | Reached skill level 5 in Dodging
  5036 | D:6      | Reached XP level 8. HP: 41/67 MP: 8/8
  5037 | D:6      | Killed a yak
  5038 | D:6      | Reached skill level 5 in Fighting
  5038 | D:6      | Reached skill level 6 in Dodging
  5039 | D:6      | Killed a yak
  5061 | D:6      | HP: 15/69 [Duvessa/+2 short sword of electrocution (8)]
  5062 | D:6      | HP: 3/69 [Duvessa/+2 short sword of electrocution (12)]
  5062 | D:6      | Demolished by Duvessa

Vanquished Creatures
  A yak (D:5)
  A black bear (D:4)
  A kobold brigand (D:4)
  A bullfrog (D:4)
  A necrophage (D:3)
  2 jellies (D:4)
  Terence (D:2)
  An orc wizard (D:2)
  2 iguanas
  9 adders
  A shadow imp (D:4)
  An ufetubus (D:4)
  A worm (D:3)
  2 dart slugs
  9 orcs
  5 bats
  8 endoplasms
  4 giant cockroaches
  2 goblins
  5 hobgoblins
  12 jackals
  5 kobolds
  3 quokkas (D:2)
  9 ball pythons
  4 frilled lizards
  2 rats
93 creatures vanquished.

Vanquished Creatures (collateral kills)
  3 yaks (D:6)
  Dowan (D:5)
  An adder (D:6)
5 creatures vanquished.

Grand Total: 98 creatures vanquished

Table legend:
 A = Non-vault XP
 B = Vault XP
 C = Vault XP percentage of total XP
 D = Non-vault monster count
 E = Vault monster count
 F = Vault count percentage of total count
                 A         B        C        D         E       F
            +---------+---------+-------+---------+---------+-------
      Total |    1655 |     162 |   8.9 |      86 |      12 |  12.2
            +---------+---------+-------+---------+---------+-------
        D:1 |      12 |       0 |   0.0 |       7 |       0 |   0.0
        D:2 |     115 |      57 |  33.1 |      22 |      10 |  31.2
        D:3 |     170 |       0 |   0.0 |      28 |       0 |   0.0
        D:4 |     477 |      36 |   7.0 |      23 |       1 |   4.2
        D:5 |     235 |      69 |  22.7 |       2 |       1 |  33.3
        D:6 |     646 |       0 |   0.0 |       4 |       0 |   0.0
            +---------+---------+-------+---------+---------+-------

Illustrated notes

Table legend:
 A = Kills in this place as a percentage of kills in entire the game.
 B = Kills by you in this place as a percentage of kills by you in the entire game.
 C = Kills by friends in this place as a percentage of kills by friends in the entire game.
 D = Other kills in this place as a percentage of other kills in the entire game.
 E = Experience gained in this place as a percentage of experience gained in the entire game.
 F = Experience gained in this place divided by the number of levels of this place that you have seen.
                   A       B       C       D       E      F
               +-------+-------+-------+-------+-------+----------------------
         Total | 100.0 | 100.0 | 100.0 |   N/A | 100.0 | 302.8
       Dungeon | 100.0 | 100.0 | 100.0 |   N/A | 100.0 | 302.8
               +-------+-------+-------+-------+-------+----------------------

Table legend: (Time is in decaauts)
 A = Elapsed time spent in this place.
 B = Non-inter-level travel time spent in this place.
 C = Inter-level travel time spent in this place.
 D = Time resting spent in this place.
 E = Time spent auto-exploring this place.
 F = Levels seen in this place.
 G = Mean time per level.
                   A        B        C        D        E       F      G
               +--------+--------+--------+--------+--------+-----+--------+
         Total |   5631 |   5410 |    221 |    884 |   3753 |   6 |  938.5 |
       Dungeon |   5631 |   5410 |    221 |    884 |   3753 |   6 |  938.5 |
               +--------+--------+--------+--------+--------+-----+--------+

Top non-repeatable levels by time:
     D:2: 1789 daAuts
     D:4: 1513 daAuts
     D:3: 1122 daAuts
     D:1: 942 daAuts
     D:5: 223 daAuts
     D:6: 39 daAuts
